AoeStats
← MouglieHD

Black Forest

509894763Analyzed
2v2 RM · 5d ago on Sep 28, 2026· 24m 7s· 4 players
Game mode
Random Map
Map size
Medium (4 player)
Population
200
Speed
Normal
Resources
Standard
Victory
Conquest
Starting age
Dark Age
Ending age
Imperial Age
RankedLock teamsTeams togetherTeam positionsShared explorationLock speedFull tech treeHidden civsTurbo modeCheats
Victory
Defeat
🇫🇷 Huns · France
701
+16
🇫🇷 Khmer · France
686
+17
🇧🇷 Franks · Brazil
733
-18
🇨🇳 Persians · China
665
-15
Almopro
12:54 Feudal Age
14:28 Wheelbarrow
13:57 Double-Bit Axe
19:57 Man-at-Arms
22:47 Bloodlines
24:30 Forging
24:26 Scale Barding Armor
MouglieHD
10:42 Feudal Age
12:37 Double-Bit Axe
15:18 Horse Collar
17:54 Castle Age
19:21 Bloodlines
20:35 Gold Mining
23:38 Bow Saw
23:30 Heavy Plow
mvmbarros03
0:28 Loom
12:55 Feudal Age
13:52 Double-Bit Axe
19:47 Castle Age
24:35 Forging
皮革城走位
12:21 Feudal Age
13:36 Loom
21:46 Castle Age
19:33 Double-Bit Axe
20:42 Horse Collar
Connection lost

Rejoining the realm…

Still unreachable

The connection could not be restored.

Session expired

The server has moved on; the page needs a fresh start.